 Dungeon Crawl Stone Soup version 0.23-a0-290-g290e36d (webtiles) character file.

56 RoseArtemis the Cudgeler (level 4, -1/35 HPs)
             Began as a Human Monk on Oct 3, 2018.
             Slain by a hobgoblin
             ... wielding a +0 club
              (4 damage)
             ... on level 2 of the Dungeon.
             The game lasted 00:08:59 (2713 turns).

RoseArtemis the Cudgeler (Human Monk)               Turns: 2713, Time: 00:08:59

Health: -1/35      AC:  2    Str: 12    XL:     4   Next: 17%
Magic:  4/4        EV: 13    Int: 11    God:
Gold:   66         SH:  0    Dex: 15    Spells: 3/3 levels left

rFire    . . .     SeeInvis .   a - +0 mace
rCold    . . .     Gourm    .   (no shield)
rNeg     . . .     Faith    .   b - +0 robe
rPois    .         Spirit   .   (no helmet)
rElec    .         Reflect  .   (no cloak)
rCorr    .         Harm     .   (no gloves)
MR       .....                  (no boots)
Stlth    ++........             (no amulet)
HPRegen  0.11/turn              (no ring)
MPRegen  0.09/turn              (no ring)

@: no status effects
A: no striking features
a: no special abilities


You were on level 2 of the Dungeon.
You were hungry.

You visited 1 branch of the dungeon, and saw 2 of its levels.

You collected 66 gold pieces.

Inventory:

Hand Weapons
 a - a +0 mace (weapon)
Missiles
 j - a throwing net (quivered)
Armour
 b - a +0 robe (worn)
 n - a +0 cloak
Scrolls
 f - a scroll of blinking {unknown}
 i - a scroll of identify {unknown}
 k - a scroll of fear {unknown}
 m - a scroll of remove curse {unknown}
 o - a scroll of noise {unknown}
 q - a scroll of teleportation {unknown}
Potions
 d - a potion of invisibility {unknown}
 e - a potion of might {unknown}
 g - 2 potions of heal wounds {unknown}
 h - 3 potions of curing {unknown}
 l - a potion of flight {unknown}
Comestibles
 c - 3 rations


   Skills:
 + Level 3.3 Fighting
 * Level 3.7 Maces & Flails
 + Level 3.3 Dodging
 + Level 2.1 Stealth
 * Level 1.3 Unarmed Combat


You had 3 spell levels left.
You didn't know any spells.
Your spell library was empty.

Dungeon Overview and Level Annotations

Branches:
Dungeon (2/15)

Altars:


Message History

The worm barely misses you.
The hobgoblin throws a stone.
The stone completely misses you.
You hit the worm.
The worm is almost dead.
The hobgoblin throws a stone.
The stone hits you. The worm closely misses you.
You barely miss the worm.
The worm is almost dead.
The worm barely misses you. The hobgoblin hits you with a club.
You hit the worm but do no damage.
The worm is almost dead.
The hobgoblin hits you with a club.
* * * LOW HITPOINT WARNING * * *
You hit the worm.
The worm is almost dead.
The worm closely misses you. The hobgoblin hits you with a club.
* * * LOW HITPOINT WARNING * * *
You hit the worm.
You kill the worm!
The hobgoblin hits you with a club.
You die...

#.....# #.....# #.....# ##.....##
#.......# #......(# #...†...#
#####..g@...# #### ##..........(#
####### #>.
...#.###...#...####.##.....# #.#
...# #............##.###.#
#.###.........#...#.#######.###.#
........#.##....#.........#.>....
..#..##.# ####...##.####(#.###.#
......#.# ......###.##..........
..w..(..# ####...##.##.#.#......


You could see a hobgoblin.

Vanquished Creatures
  An adder (D:2)
  3 worms (D:2)
  2 dart slugs (D:2)
  2 leopard geckos (D:2)
  9 bats
  A giant cockroach (D:1)
  3 hobgoblins (D:1)
  4 kobolds (D:1)
  A quokka (D:2)
  3 frilled lizards
  3 goblins (D:1)
  2 rats
34 creatures vanquished.

Notes
Turn   | Place    | Note
-------+----------+-------------------------------------------
     0 | D:1      | RoseArtemis the Human Monk began the quest for the Orb.
     0 | D:1      | Reached XP level 1. HP: 18/18 MP: 1/1
    47 | D:1      | Reached XP level 2. HP: 23/24 MP: 2/2
   706 | D:1      | Reached XP level 3. HP: 19/29 MP: 3/3
   963 | D:2      | Reached skill level 1 in Unarmed Combat
  2112 | D:2      | Reached XP level 4. HP: 29/35 MP: 4/4
  2713 | D:2      | Slain by a hobgoblin

Vault maps used:
D:1:      matt_arrival_grand_opening, minmay_misc_feat_ornament
D:2:      minmay_misc_feat_chi, skrybe_limestone_x

Skill      XL: |  1  2  3 |
---------------+----------+-----
Unarmed Combat | 1 |  1.3
Fighting       | |  3.3
Maces & Flails | |  3.7
Dodging        | |  3.3
Stealth        | |  2.1

Action                   |  1- 3 |  4- 6 || total
-------------------------+-------+-------++-------
Melee: Mace              |   101 |    34 ||   135
       Unarmed           |    26 |       ||    26
 Stab: Sleeping          |     4 |       ||     4
  Eat: Chunk             |     3 |     2 ||     5
Armor: Robe              |    24 |     2 ||    26
Dodge: Dodged            |   111 |    24 ||   135

Table legend:
 A = Non-vault XP
 B = Vault XP
 C = Vault XP percentage of total XP
 D = Non-vault monster count
 E = Vault monster count
 F = Vault count percentage of total count
                 A         B        C        D         E       F
            +---------+---------+-------+---------+---------+-------
      Total |      81 |       0 |   0.0 |      34 |       0 |   0.0
            +---------+---------+-------+---------+---------+-------
        D:1 |      31 |       0 |   0.0 |      20 |       0 |   0.0
        D:2 |      50 |       0 |   0.0 |      14 |       0 |   0.0
            +---------+---------+-------+---------+---------+-------
